 Dungeon Crawl Stone Soup version 0.15.0-9-g1a96a59 (webtiles) character file.

153 tizzy the Cutter (level 5, -1/34 HPs)
             Began as a Halfling Assassin on Aug 30, 2014.
             Killed from afar by an orc wizard (10 damage)
             ... with a puff of frost
             ... on Level 3 of the Dungeon.
             The game lasted 00:06:29 (2438 turns).

tizzy the Cutter (Halfling Assassin)                Turns: 2438, Time: 00:06:29

HP  -1/34        AC  7     Str 11      XL: 5   Next: 61%
MP   5/5         EV 11     Int 10      God:
Gold 144         SH  0     Dex 17      Spells:  0 memorised,  4 levels left

rFire  . . .     SeeInvis .     j - +2 dagger (freeze)
rCold  . . .     Clarity  .     x - +1 ring mail {rN+}
rNeg   + . .     rCorr    .     (no shield)
rPois  .         rRot     .     (no helmet)
rElec  .         Spirit   .     p - +0 cloak
SustAb .         Warding  .     (no gloves)
rMut   .         Stasis   .     (no boots)
Gourm  .                        (no amulet)
MR     .....                    (no ring)
                                s - ring of stealth

@: not resistant to hostile enchantments, stealthy
A: mutation resistance 1
a: no special abilities


You were on level 3 of the Dungeon.
You were not hungry.

You visited 1 branch of the dungeon, and saw 3 of its levels.

You collected 144 gold pieces.

Inventory:

Hand weapons
 a - a +2 dagger
 b - a +0 blowgun
 j - a +2 dagger of freezing (weapon)
 y - a +2 dagger of protection
Missiles
 e - 8 poisoned needles
 f - 2 curare-tipped needles
 u - 8 javelins
Armour
 c - a +0 robe
 p - a +0 cloak (worn)
 x - a +1 ring mail of positive energy (worn)
Magical devices
 t - a wand of random effects (5)
Comestibles
 g - 3 bread rations
 v - 2 royal jellies
 z - a chunk of worm flesh
 A - a chunk of goblin flesh
Scrolls
 d - 2 scrolls of enchant armour {unknown}
 h - a scroll of noise {unknown}
 i - 4 scrolls of identify {unknown}
 k - a scroll of enchant weapon {unknown}
 m - a scroll of magic mapping {unknown}
 n - a scroll of blinking {unknown}
 o - 2 scrolls of remove curse {unknown}
 r - a scroll of fog {unknown}
Jewellery
 s - a ring of stealth (left hand)
Potions
 l - a potion of curing {unknown}
 q - a potion of mutation {unknown}
 w - a potion of magic {unknown}


   Skills:
 - Level 1.7 Fighting
 * Level 5.9 Short Blades
 - Level 2.6 Throwing
 - Level 1.1 Dodging
 + Level 5.1 Stealth


You had 4 spell levels left.
You didn't know any spells.

Dungeon Overview and Level Annotations

Branches:
Dungeon (3/15)

Altars:
Makhleb
Xom
Yredelemnul


Innate Abilities, Weirdness & Mutations

You are small and have problems with some larger weapons.
You are somewhat resistant to further mutation.


Message History

You hit the orc wizard. You freeze the orc wizard.
The orc wizard is almost dead.
The orc wizard gestures at you while chanting.
The puff of flame hits you!
* * * LOW HITPOINT WARNING * * *
The orc wizard hits you but does no damage.
You hit the orc wizard. You freeze the orc wizard.
You kill the orc wizard!
The orc wizard closely misses you.
You closely miss the orc wizard. The orc wizard barely misses you.
Drink which item? (? for menu, Esc to quit)
Okay, then.
You hit the orc wizard but do no damage.
The orc wizard closely misses you.
You closely miss the orc wizard. The orc wizard misses you.
You hit the orc wizard. You freeze the orc wizard.
The orc wizard is lightly wounded.
The orc wizard casts a spell at you. The puff of frost hits you!
You die...

#.## #.# #.# ##'##
##...## ### ##.....##
##.## ##...[...#
#####.#o..####.........#
.......)@.)..'.........+
#####.#...####.........#
##.## ##.......# ###
##.....# ##...# #+#


You could see an orc wizard.

Vanquished Creatures
  An orc wizard (D:3)
  Ijyb (D:2)
  Jessica (D:3)
  Terence (D:3)
  An adder (D:2)
  2 worms
  3 giant geckos
  An ooze (D:2)
  An orc (D:3)
  13 goblins
  4 hobgoblins
  5 kobolds
  A quokka (D:2)
  6 bats
  4 giant cockroaches
  6 giant newts
  9 rats
  A spectral orc (D:3)
  A butterfly (D:2)
62 creatures vanquished.

Notes
Turn   | Place    | Note
--------------------------------------------------------------
     0 | D:1      | tizzy, the Halfling Assassin, began the quest for the Orb.
     0 | D:1      | Reached XP level 1. HP: 14/14 MP: 1/1
    82 | D:1      | Reached XP level 2. HP: 17/19 MP: 2/2
   558 | D:2      | Found a burning altar of Makhleb.
   615 | D:2      | Reached XP level 3. HP: 24/24 MP: 3/3
  1345 | D:2      | Found a shimmering altar of Xom.
  1353 | D:2      | Reached XP level 4. HP: 21/29 MP: 4/4
  1356 | D:2      | Noticed Ijyb
  1477 | D:2      | Killed Ijyb
  1823 | D:2      | Reached skill level 5 in Short Blades
  2007 | D:3      | Noticed Jessica
  2010 | D:3      | Killed Jessica
  2010 | D:3      | Reached skill level 5 in Stealth
  2010 | D:3      | Reached XP level 5. HP: 34/34 MP: 5/5
  2073 | D:3      | Noticed Terence
  2105 | D:3      | Killed Terence
  2340 | D:3      | Found a basalt altar of Yredelemnul.
  2438 | D:3      | Killed from afar by an orc wizard

Action                   |  1- 3 |  4- 6 || total
-------------------------+-------+-------++-------
Melee: Dagger            |    81 |   125 ||   206
 Fire: Blowgun           |     2 |       ||     2
Evoke: Wand              |       |     1 ||     1
 Stab: Sleeping          |     7 |     6 ||    13
  Eat: Chunk             |     1 |     4 ||     5
